[Event "Titled Tuesday Blitz April 25 Early 2023"]
[White "Parkhov, Yair"]
[Black "Kalajzic, Ivan"]
[WhiteFideId "2813408"]
[BlackFideId "14506378"]
[WhiteElo "2421"]
[BlackElo "2203"]
[Result "1-0"]
[Round "04"]
[TimeControl "180+2"]
[Date "2023.04.25"]
[WhiteClock "0:01:54"]
[BlackClock "0:02:14"]

1. e4 Nc6 2. Nf3 d6 3. d4 Bg4 4. d5 Ne5 5. Nxe5 Bxd1 6. Bb5+ c6 7. dxc6 Qa5+ 8. Nc3 a6 9. b4 Qxb5 10. Nxb5 axb5 11. cxb7 Rb8 12. Nc6 Rxb7 13. Kxd1 Rc7 14. Nd4 Rb7 15. a4 bxa4 16. Rxa4 Nf6 17. Ra8+ Kd7 18. f3 g6 19. b5 Bg7 20. Rxh8 Bxh8 21. Be3 Ne8 22. c4 Nc7 23. Kc2 e6 24. Kb3 d5 25. exd5 exd5 26. c5 Bxd4 27. c6+ Kc8 28. cxb7+ Kxb7 29. Bxd4 Nxb5 30. Rd1 Kc6 31. Kb4 Nd6 32. Ra1 Nc4 1-0


[Site "https://www.chess.com"]

[Event "Titled Tuesday Blitz April 25 Early 2023"]
[White "egorchess95"]
[Black "Winkels, Marcel"]
[BlackFideId "1003887"]
[WhiteElo "2545"]
[BlackElo "1900"]
[Result "1-0"]
[Round "04"]
[TimeControl "180+2"]
[Date "2023.04.25"]
[WhiteClock "0:00:21"]
[BlackClock "0:00:48"]

1. e4 c5 2. Nf3 d6 3. d4 cxd4 4. Qxd4 Nf6 5. Nc3 e5 6. Qd3 Nc6 7. Bg5 Be7 8. O-O-O Be6 9. Kb1 O-O 10. Bxf6 gxf6 11. Nh4 Kh8 12. f4 Nd4 13. f5 Bd7 14. Nf3 Nxf3 15. Qxf3 Bc6 16. Qh5 Qe8 17. Bc4 b5 18. Bb3 a5 19. Bd5 b4 20. Bxc6 Qxc6 21. Nd5 Bd8 22. Rd3 Rg8 23. Qxf7 Rxg2 24. Rc1 Rc8 25. Rh3 Rg7 26. Qf8+ Rg8 27. Qh6 Rg7 28. Nxf6 Bxf6 29. Qxf6 a4 30. Rg3 Rg8 31. h4 Qxe4 32. Rcg1 Qb7 33. h5 Qf7 34. Qxf7 Rxf7 35. Rxg8# 1-0


[Site "https://www.chess.com"]

[Event "Titled Tuesday Blitz April 25 Early 2023"]
[White "Ordekalog"]
[Black "Orzech, Dominik"]
[BlackFideId "1115065"]
[WhiteElo "2488"]
[BlackElo "2260"]
[Result "1/2-1/2"]
[Round "04"]
[TimeControl "180+2"]
[Date "2023.04.25"]
[WhiteClock "0:01:36"]
[BlackClock "0:01:59"]

1. e4 e6 2. Bb5 a6 3. Ba4 b5 4. Bb3 c5 5. d3 Bb7 6. Nf3 Nf6 7. O-O d5 8. exd5 exd5 9. c4 Be7 10. Nc3 O-O 11. Bg5 d4 12. Bxf6 Bxf6 13. Nd5 Bxd5 14. cxd5 Nd7 15. a4 Nb6 16. axb5 axb5 17. Rxa8 Qxa8 18. d6 Qc6 19. Nd2 c4 20. Qc2 Rc8 21. dxc4 bxc4 22. Nxc4 Nxc4 23. d7 Qxd7 24. Bxc4 d3 1/2-1/2


[Site "https://www.chess.com"]

[Event "Titled Tuesday Blitz April 25 Early 2023"]
[White "Dzhaparov, Medet"]
[Black "Zavortink, Matt"]
[WhiteFideId "13803689"]
[BlackFideId "2034263"]
[WhiteElo "1690"]
[BlackElo "2475"]
[Result "1/2-1/2"]
[Round "04"]
[TimeControl "180+2"]
[Date "2023.04.25"]
[WhiteClock "0:00:04"]
[BlackClock "0:00:07"]

1. e4 e6 2. d4 d5 3. exd5 exd5 4. Nf3 Nf6 5. Bd3 c5 6. dxc5 Bxc5 7. O-O O-O 8. Nc3 h6 9. h3 Nc6 10. a3 Be6 11. Na4 Bd6 12. Nc3 a6 13. Ne2 Bc5 14. Nf4 Qd6 15. Nxe6 fxe6 16. b4 Ba7 17. c4 Rad8 18. c5 Qc7 19. Bb2 e5 20. Nh4 e4 21. Be2 Bb8 22. g3 e3 23. Nf5 exf2+ 24. Rxf2 Ne5 25. Bf1 Ne4 26. Rf4 Ng6 27. Rg4 Rxf5 28. Rxg6 Rg5 29. Rxg5 hxg5 30. Qg4 Qxg3+ 31. Qxg3 Bxg3 32. Bg2 Kf7 33. Rd1 Bc7 34. Bxe4 dxe4 35. Rxd8 Bxd8 36. Kf2 Bf6 37. Bxf6 gxf6 38. Ke3 f5 39. a4 Ke6 40. a5 Ke5 41. b5 f4+ 42. Ke2 Kd5 43. c6 Kd6 44. cxb7 Kc7 45. bxa6 Kb8 46. Kf2 Ka7 47. Kg2 Kb8 48. Kf2 Ka7 49. Ke2 Kb8 50. Kd2 Ka7 51. Kc3 Kb8 52. Kd4 e3 53. Kd3 Ka7 54. Ke2 Kb8 55. Kf3 Ka7 56. Ke2 Kb8 57. Kf3 Ka7 58. Kg2 Kb8 59. Kf3 1/2-1/2


[Site "https://www.chess.com"]

[Event "Titled Tuesday Blitz April 25 Early 2023"]
[White "Nissinen, Niilo Man"]
[Black "Khoder, Akram"]
[WhiteFideId "30950767"]
[BlackFideId "5306914"]
[WhiteElo "1952"]
[BlackElo "2034"]
[Result "0-1"]
[Round "04"]
[TimeControl "180+2"]
[Date "2023.04.25"]
[WhiteClock "0:00:10"]
[BlackClock "0:01:17"]

1. e4 c5 2. Nf3 e6 3. d4 cxd4 4. Nxd4 a6 5. c4 Nf6 6. Nc3 Qc7 7. Be2 Bb4 8. Qd3 Nc6 9. O-O Ne5 10. Qg3 Bxc3 11. bxc3 Rg8 12. f3 d6 13. Ba3 Nh5 14. Qh4 g6 15. f4 Nxc4 16. Bxc4 Qxc4 17. Bxd6 f6 18. e5 Qxc3 19. Rad1 Kf7 20. g4 Qe3+ 21. Kh1 b5 22. Qf2 Bb7+ 23. Kg1 Qh3 24. gxh5 gxh5+ 25. Qg3 0-1


[Site "https://www.chess.com"]

[Event "Titled Tuesday Blitz April 25 Early 2023"]
[White "Topalov, Aleksandar"]
[Black "Schut, Han"]
[WhiteFideId "925659"]
[BlackFideId "1005561"]
[WhiteElo "2151"]
[BlackElo "2024"]
[Result "1-0"]
[Round "04"]
[TimeControl "180+2"]
[Date "2023.04.25"]
[WhiteClock "0:01:09"]
[BlackClock "0:00:04"]

1. b3 e5 2. Bb2 Nc6 3. c4 Bd6 4. e3 Qe7 5. Nc3 f5 6. a3 Nf6 7. Qc2 e4 8. g3 O-O 9. h4 Ne5 10. Be2 c6 11. Nh3 g6 12. Nf4 Nf3+ 13. Bxf3 exf3 14. Qd1 Bxf4 15. gxf4 d5 16. cxd5 cxd5 17. Qxf3 Be6 18. Ne2 Rac8 19. Nd4 Bf7 20. Qg2 Qe4 21. Rg1 Qxg2 22. Rxg2 Ng4 23. f3 Nh6 24. h5 Rfe8 25. Kf2 Kf8 26. hxg6 hxg6 27. a4 Ng8 28. Ba3+ Kg7 29. Nxf5+ Kf6 30. Nd6 Rc2 31. Nxe8+ Bxe8 32. Ke2 d4 33. Kd3 Rc6 34. Bb2 Kf7 35. Bxd4 Bd7 36. Rh1 Bf5+ 37. e4 Be6 38. Rh7+ Ke8 39. b4 Ne7 40. Ke3 Rd6 41. Bf6 Rd7 42. Rxe7+ Rxe7 43. Bxe7 Kxe7 44. Rxg6 1-0


[Site "https://www.chess.com"]

[Event "Titled Tuesday Blitz April 25 Early 2023"]
[White "Pourkashiyan, Atousa"]
[Black "Kiselev, Pavel"]
[WhiteFideId "12502014"]
[BlackFideId "4191102"]
[WhiteElo "2228"]
[BlackElo "2145"]
[Result "1-0"]
[Round "04"]
[TimeControl "180+2"]
[Date "2023.04.25"]
[WhiteClock "0:01:25"]
[BlackClock "0:02:05"]

1. e4 c5 2. d4 cxd4 3. c3 dxc3 4. Nxc3 Nc6 5. Nf3 d6 6. Bc4 Bd7 7. O-O Nf6 8. Bg5 e6 9. Nb5 Bc8 10. Bf4 e5 11. Ng5 exf4 12. Nxf7 Qe7 13. Nbxd6+ Kd7 14. Nf5+ Kc7 15. Nxe7 Bxe7 16. Nxh8 Bg4 17. Qc1 Rxh8 18. Qxf4+ Bd6 19. Qg5 Ne5 20. Qxg7+ 1-0


[Site "https://www.chess.com"]

[Event "Titled Tuesday Blitz April 25 Early 2023"]
[White "Senft, Sean"]
[Black "Coelho, Ramyres Santana"]
[WhiteFideId "2044960"]
[BlackFideId "2120690"]
[WhiteElo "1989"]
[BlackElo "1888"]
[Result "1-0"]
[Round "04"]
[TimeControl "180+2"]
[Date "2023.04.25"]
[WhiteClock "0:00:06"]
[BlackClock "0:00:06"]

1. d4 Nf6 2. c4 g6 3. Nc3 d5 4. Bg5 Ne4 5. Bh4 Nxc3 6. bxc3 Bg7 7. e3 O-O 8. Nf3 dxc4 9. Bxc4 a6 10. O-O b5 11. Be2 Bb7 12. a4 c6 13. Qb3 Nd7 14. c4 Qb6 15. c5 Qd8 16. Nd2 Nxc5 17. Qa3 Qd6 18. Bg3 Qd5 19. Bf3 Qf5 20. dxc5 Bxa1 21. Qxa1 Qd3 22. Ne4 Rfd8 23. Bh4 f6 24. Bxf6 exf6 25. Nxf6+ Kf7 26. Nxh7 Qf5 27. e4 Qf4 28. e5 Rh8 29. e6+ Ke7 30. Qg7+ Kxe6 31. Re1+ Kf5 32. Qf6# 1-0


[Site "https://www.chess.com"]

[Event "Titled Tuesday Blitz April 25 Early 2023"]
[White "Benaddi, Mouhcine"]
[Black "Carrasco Miranda, Andres"]
[WhiteFideId "9001050"]
[BlackFideId "3405990"]
[WhiteElo "2036"]
[BlackElo "2183"]
[Result "1-0"]
[Round "04"]
[TimeControl "180+2"]
[Date "2023.04.25"]
[WhiteClock "0:02:15"]
[BlackClock "0:01:13"]

1. Nf3 Nf6 2. g3 g6 3. Bg2 Bg7 4. O-O O-O 5. d4 d6 6. c4 Nc6 7. Nc3 Bf5 8. Nh4 Bd7 9. b3 e5 10. d5 Ne7 11. e4 c5 12. dxc6 Bxc6 13. Ba3 Ne8 14. Qd2 f5 15. exf5 Bxg2 16. Kxg2 Nxf5 17. Nxf5 g5 18. Nxg7 1-0


[Site "https://www.chess.com"]

[Event "Titled Tuesday Blitz April 25 Early 2023"]
[White "Quirke, Jeffrey"]
[Black "Pandey Srishti"]
[WhiteFideId "2013029"]
[BlackFideId "35093290"]
[WhiteElo "2219"]
[BlackElo "2083"]
[Result "0-1"]
[Round "04"]
[TimeControl "180+2"]
[Date "2023.04.25"]
[WhiteClock "0:00:03"]
[BlackClock "0:01:11"]

1. e4 e5 2. Nf3 Nc6 3. Bb5 a6 4. Ba4 Nf6 5. Qe2 b5 6. Bb3 Bc5 7. h3 d6 8. d3 Qe7 9. g4 Be6 10. Bxe6 Qxe6 11. Nc3 h6 12. Be3 Nd4 13. Bxd4 exd4 14. Nd1 Nd7 15. Nh4 g6 16. f4 Bb6 17. Nf2 Qe7 18. Ng2 c5 19. O-O g5 20. Nh1 h5 21. Ng3 hxg4 22. hxg4 gxf4 23. Rxf4 Ne5 24. Nf5 Qd7 25. a4 bxa4 26. Rff1 O-O-O 27. Ra3 Rdg8 28. Rfa1 Rxg4 29. Rxa4 Rhg8 30. Rxa6 Rxg2+ 31. Qxg2 Rxg2+ 32. Kxg2 Kb7 33. Ra8 d5 34. Rg8 dxe4 35. dxe4 Qc6 0-1


[Site "https://www.chess.com"]

[Event "Titled Tuesday Blitz April 25 Early 2023"]
[White "Clawitter, Craig"]
[Black "Sovetbekova, Nurai"]
[WhiteFideId "2023105"]
[BlackFideId "13801910"]
[WhiteElo "2218"]
[BlackElo "1857"]
[Result "1-0"]
[Round "04"]
[TimeControl "180+2"]
[Date "2023.04.25"]
[WhiteClock "0:01:26"]
[BlackClock "0:01:25"]

1. e4 c5 2. Nf3 d6 3. d4 cxd4 4. Nxd4 Nf6 5. Nc3 a6 6. Be3 e5 7. Nb3 Be6 8. f3 h5 9. Qd2 Be7 10. Be2 Nbd7 11. Nd5 Bxd5 12. exd5 b5 13. O-O Nb6 14. Na5 Nbxd5 15. Nc6 Qc7 16. Nxe7 Qxe7 17. a4 Nxe3 18. Qxe3 b4 19. Qb6 Nd5 20. Qc6+ Qd7 21. Qxa8+ Ke7 22. Qxd5 1-0


[Site "https://www.chess.com"]

[Event "Titled Tuesday Blitz April 25 Early 2023"]
[White "Derichs, Roger"]
[Black "Amitpal, Singh"]
[WhiteFideId "4630076"]
[BlackFideId "5012899"]
[WhiteElo "2331"]
[BlackElo "2107"]
[Result "1-0"]
[Round "04"]
[TimeControl "180+2"]
[Date "2023.04.25"]
[WhiteClock "0:00:18"]
[BlackClock "0:00:16"]

1. d4 Nf6 2. c4 g6 3. Nc3 Bg7 4. e4 d6 5. Nf3 O-O 6. Be3 Ng4 7. Bg5 Qe8 8. Be2 h6 9. Bh4 f5 10. exf5 gxf5 11. O-O c6 12. h3 Nf6 13. d5 c5 14. Bd3 Qh5 15. Qc2 Na6 16. a3 Ne4 17. Bxe7 Rf7 18. Bh4 Bd7 19. Rae1 Ng5 20. Bxg5 hxg5 21. Nh2 Be5 22. Ne2 g4 23. Ng3 Qg5 24. hxg4 fxg4 25. Qc1 Bf4 26. Qc3 Be5 27. Rxe5 Qxe5 28. Qxe5 dxe5 29. Re1 Re8 30. Ne4 Ree7 31. Nf1 Bf5 32. Nfg3 Bh7 33. Rd1 Rd7 34. Ng5 Rf4 35. Nxh7 Rd4 36. Nf6+ 1-0


[Site "https://www.chess.com"]

[Event "Titled Tuesday Blitz April 25 Early 2023"]
[White "Larina, Maria"]
[Black "mohsengabr2002"]
[WhiteFideId "24113182"]
[WhiteElo "1848"]
[BlackElo "2330"]
[Result "0-1"]
[Round "04"]
[TimeControl "180+2"]
[Date "2023.04.25"]
[WhiteClock "0:00:54"]
[BlackClock "0:02:23"]

1. e4 c5 2. Nc3 d6 3. d4 cxd4 4. Qxd4 Nc6 5. Qd2 g6 6. b3 Bg7 7. Bb2 Nf6 8. O-O-O O-O 9. f3 a5 10. a4 Nb4 11. g4 Be6 12. Nge2 Rc8 13. Nd4 Bxg4 14. fxg4 Nxe4 15. Qe3 Nxc3 16. Bxc3 Rxc3 17. Qxc3 Na2+ 18. Kb2 Nxc3 19. Kxc3 Qb6 0-1


[Site "https://www.chess.com"]

[Event "Titled Tuesday Blitz April 25 Early 2023"]
[White "Fuzesabonyilaci"]
[Black "Kiseleva, Arina"]
[BlackFideId "4164989"]
[WhiteElo "2328"]
[BlackElo "1708"]
[Result "1/2-1/2"]
[Round "04"]
[TimeControl "180+2"]
[Date "2023.04.25"]
[WhiteClock "0:00:02"]
[BlackClock "0:00:03"]

1. e4 c6 2. d4 d5 3. e5 Bf5 4. h4 h5 5. Bd3 Bxd3 6. Qxd3 Qa5+ 7. b4 Qxb4+ 8. Nd2 e6 9. Rb1 Qa5 10. Rxb7 Nd7 11. Ne2 Nb6 12. O-O Ne7 13. Nb3 Qb5 14. Qf3 Nf5 15. Ng3 g6 16. Nxf5 gxf5 17. Qd3 Qxd3 18. cxd3 Be7 19. Bg5 Bxg5 20. hxg5 f4 21. Rc1 Rc8 22. g6 fxg6 23. Nc5 O-O 24. Nxe6 Rf7 25. Rxf7 Kxf7 26. Rxc6 Rxc6 27. Nd8+ Ke8 28. Nxc6 a6 29. Nb4 a5 30. Nc6 a4 31. Nb4 Kd7 32. a3 Ke6 33. f3 g5 34. Kf2 Nc8 35. Na2 Ne7 36. Nc3 Nf5 37. Nb5 g4 38. Nc7+ Kd7 39. Nxd5 Nxd4 40. fxg4 hxg4 41. Nxf4 Nc2 42. Nd5 Nxa3 43. Nc3 Ke6 44. d4 Nc2 45. Nxa4 Nxd4 46. Kg3 Nf5+ 47. Kxg4 Ne3+ 48. Kf3 Nxg2 49. Kxg2 Kxe5 1/2-1/2


[Site "https://www.chess.com"]

[Event "Titled Tuesday Blitz April 25 Early 2023"]
[White "dDobravcan"]
[Black "Mogirzan, Matei-Valeriu"]
[BlackFideId "1257455"]
[WhiteElo "2151"]
[BlackElo "1733"]
[Result "0-1"]
[Round "04"]
[TimeControl "180+2"]
[Date "2023.04.25"]
[WhiteClock "0:00:05"]
[BlackClock "0:00:22"]

1. d4 Nf6 2. Nc3 d5 3. Bf4 c6 4. e3 g6 5. h4 Bg7 6. h5 Nxh5 7. Rxh5 gxh5 8. Qxh5 Bf6 9. Nf3 b5 10. Qh2 Na6 11. O-O-O Qa5 12. Kb1 b4 13. Ne2 Bf5 14. Nc1 c5 15. Bxa6 Qxa6 16. dxc5 Qc4 17. Rd2 a5 18. Nd4 Bxd4 19. exd4 a4 20. Be5 f6 21. Qf4 Bg6 22. Bxf6 O-O 23. Qe3 exf6 24. b3 axb3 25. Qxb3 Qxb3+ 26. Nxb3 Rfe8 27. Kb2 Ra7 28. f3 Rea8 29. Nc1 Ra3 30. Re2 Rc3 31. Rd2 Rc4 32. Nb3 Re8 33. g4 f5 34. g5 f4 35. Rh2 Re3 36. Nd2 Rxc2+ 0-1


[Site "https://www.chess.com"]

[Event "Titled Tuesday Blitz April 25 Early 2023"]
[White "Mihajlovskij"]
[Black "Flis, Pawel"]
[BlackFideId "1112864"]
[WhiteElo "2305"]
[BlackElo "1822"]
[Result "1-0"]
[Round "04"]
[TimeControl "180+2"]
[Date "2023.04.25"]
[WhiteClock "0:02:00"]
[BlackClock "0:00:14"]

1. e4 c5 2. Nf3 d6 3. d4 Nf6 4. Nc3 cxd4 5. Qxd4 a6 6. Bc4 Nc6 7. Qd3 e6 8. Bf4 Qc7 9. O-O-O b5 10. Bb3 b4 11. Ne2 e5 12. Bg5 Be6 13. Bxf6 gxf6 14. Kb1 Na5 15. Ng3 Nxb3 16. cxb3 Qb6 17. Nh4 O-O-O 18. Nhf5 Kb8 19. Ne3 Bh6 20. Nd5 Bxd5 21. Qxd5 Qxf2 22. Rhf1 Qc5 23. Rxf6 Qxd5 24. Rxd5 Rd7 25. Rxh6 1-0


[Site "https://www.chess.com"]

[Event "Titled Tuesday Blitz April 25 Early 2023"]
[White "Gonzalez, Francisco Silva"]
[Black "Calhoun, Luke"]
[WhiteFideId "1512285"]
[BlackFideId "2064421"]
[WhiteElo "2074"]
[BlackElo "2253"]
[Result "1-0"]
[Round "04"]
[TimeControl "180+2"]
[Date "2023.04.25"]
[WhiteClock "0:02:01"]
[BlackClock "0:00:02"]

1. d4 Nf6 2. c4 g6 3. Nc3 Bg7 4. e4 d6 5. f3 O-O 6. Be3 c5 7. Nge2 Nc6 8. d5 Ne5 9. Ng3 h5 10. Be2 h4 11. Nf1 h3 12. g4 e6 13. g5 Nh5 14. f4 Nxc4 15. Bxc4 b5 16. Nxb5 exd5 17. Bxd5 Rb8 18. a4 Bxb2 19. Nxd6 Bxa1 20. Nxf7 Qa5+ 21. Kf2 Rb2+ 22. Kf3 Rxf7 23. Qxa1 Qc3 24. Ng3 Qc2 25. Rg1 Nxg3 26. Bxf7+ Kxf7 27. Kxg3 Qxh2+ 28. Kh4 Be6 29. f5 gxf5 30. g6+ Kg8 31. Qd1 f4 32. Qd8+ Kg7 33. Qe7+ Kg8 34. Qxe6+ Kg7 35. Qf7+ Kh6 36. Bxf4+ Qxf4+ 37. Qxf4+ Kg7 38. Qe5+ Kh6 39. Qxb2 1-0


[Site "https://www.chess.com"]

[Event "Titled Tuesday Blitz April 25 Early 2023"]
[White "Steenbekkers, Franck"]
[Black "Blokhin, Sofia"]
[WhiteFideId "1004220"]
[BlackFideId "4508190"]
[WhiteElo "2100"]
[BlackElo "1994"]
[Result "0-1"]
[Round "04"]
[TimeControl "180+2"]
[Date "2023.04.25"]
[WhiteClock "0:00:02"]
[BlackClock "0:00:03"]

1. e4 c5 2. Nf3 e6 3. c3 Nf6 4. e5 Nd5 5. d4 cxd4 6. cxd4 d6 7. Nc3 Be7 8. Bc4 Nb6 9. Bd3 O-O 10. O-O Nc6 11. a3 dxe5 12. dxe5 g6 13. Bh6 Re8 14. Re1 a6 15. Qd2 Qc7 16. Qf4 Nd7 17. h4 b5 18. h5 Bb7 19. Qg3 Kh8 20. hxg6 fxg6 21. Ne4 Bf8 22. Qh2 Bxh6 23. Qxh6 Ndxe5 24. Nxe5 Nxe5 25. Bb1 Rf8 26. Ng5 Ng4 27. Qh4 Nxf2 28. Bxg6 Rf4 29. Qh6 Raf8 30. Nxh7 Qg7 31. Qh5 Kg8 32. Nxf8 Rxf8 33. Rxe6 Bc8 34. Re2 Bg4 35. Qg5 Bd7 0-1


[Site "https://www.chess.com"]

[Event "Titled Tuesday Blitz April 25 Early 2023"]
[White "Necula, Iulian"]
[Black "Chirivi C, Jenny Astrid"]
[WhiteFideId "1232380"]
[BlackFideId "4403061"]
[WhiteElo "1790"]
[BlackElo "2001"]
[Result "0-1"]
[Round "04"]
[TimeControl "180+2"]
[Date "2023.04.25"]
[WhiteClock "0:00:29"]
[BlackClock "0:01:06"]

1. d4 Nf6 2. Nc3 d5 3. Bf4 Bf5 4. e3 e6 5. Nf3 Bb4 6. Bd3 Ne4 7. Bxe4 Bxe4 8. O-O Bg6 9. Ne2 O-O 10. c3 Bd6 11. Be5 c5 12. Nf4 Bf5 13. h3 Nc6 14. Bxd6 Qxd6 15. dxc5 Qxc5 16. Nd4 Be4 17. f3 Bg6 18. Nxg6 hxg6 19. Rc1 Rac8 20. Qd2 Ne5 21. Rfd1 Nc4 22. Qe2 Rc7 23. f4 Rfc8 24. Re1 Qb6 25. Nb3 a5 26. Rb1 a4 27. Nd4 Nd6 28. Qc2 Qa6 29. Qe2 Rc4 30. Nc2 Qb6 31. Nb4 Ne4 32. Nd3 Qd6 33. Ne5 R4c5 34. Qf2 Nxf2 0-1


[Site "https://www.chess.com"]

[Event "Titled Tuesday Blitz April 25 Early 2023"]
[White "Vidruska, Renate"]
[Black "Bueno, Alfeu Junior Varela"]
[WhiteFideId "11601841"]
[BlackFideId "2108879"]
[WhiteElo "1976"]
[BlackElo "2175"]
[Result "0-1"]
[Round "04"]
[TimeControl "180+2"]
[Date "2023.04.25"]
[WhiteClock "0:01:24"]
[BlackClock "0:00:46"]

1. e4 e6 2. d4 d5 3. exd5 exd5 4. Bd3 Nc6 5. Ne2 Bd6 6. c3 Qh4 7. Be3 Nf6 8. h3 Ng4 9. g3 Nxe3 10. gxh4 Nxd1 11. Kxd1 Be6 12. Nd2 O-O-O 13. Kc2 h5 14. f4 Ne7 15. Raf1 g6 16. Ng3 Rde8 17. Rhg1 Bxh3 18. Rf2 c6 19. a3 Bg4 20. c4 Kd7 21. b4 a5 22. b5 Bxa3 23. f5 Rhf8 24. bxc6+ bxc6 25. cxd5 Nxd5 26. fxg6 fxg6 27. Rxf8 Rxf8 28. Bxg6 Rf2 29. Bxh5 Bxh5 30. Nxh5 Bb4 31. Rd1 Ne3+ 32. Kc1 Nxd1 33. Ne4 Rf1 34. Nhf6+ Ke6 0-1


[Site "https://www.chess.com"]

[Event "Titled Tuesday Blitz April 25 Early 2023"]
[White "Levitan, Caleb Levi"]
[Black "Maluco_do_Natal_00"]
[WhiteFideId "14332620"]
[WhiteElo "1963"]
[BlackElo "2002"]
[Result "0-1"]
[Round "04"]
[TimeControl "180+2"]
[Date "2023.04.25"]
[WhiteClock "0:00:05"]
[BlackClock "0:00:04"]

1. e4 c5 2. Nf3 Nc6 3. Nc3 d6 4. d4 cxd4 5. Nxd4 Nf6 6. Bc4 e6 7. Bb3 Be7 8. Be3 a6 9. f3 Qc7 10. g4 O-O 11. g5 Nh5 12. f4 Nxd4 13. Qxd4 b5 14. O-O-O Bb7 15. Rhg1 Rfd8 16. f5 e5 17. Qd2 b4 18. Nd5 Bxd5 19. Bxd5 Rac8 20. g6 hxg6 21. fxg6 Bf6 22. gxf7+ Kf8 23. Be6 Rb8 24. Qe2 Nf4 25. Bxf4 exf4 26. Qh5 Ke7 27. Bb3 Qc5 28. Qxc5 dxc5 29. Rxd8 Rxd8 30. a3 a5 31. axb4 axb4 32. Re1 Bd4 33. e5 Be3+ 34. Kb1 Rd2 35. h4 Rh2 36. e6 Rxh4 37. Rd1 Bd4 38. c3 bxc3 39. bxc3 Rh3 40. cxd4 Rxb3+ 41. Kc2 Re3 42. dxc5 Rxe6 43. Rd7+ Kf8 44. Rb7 Rc6 45. Rb5 Kxf7 46. Kd3 Kf6 47. Ke4 g5 48. Kd5 Rc8 49. Rb6+ Kf5 50. c6 f3 51. Rb3 g4 52. Rb1 g3 53. Kd6 f2 54. Kd7 Rxc6 55. Kxc6 g2 56. Kd5 f1=Q 57. Rxf1+ gxf1=Q 58. Kd4 Qd1+ 59. Kc5 Qd2 60. Kc4 Ke4 61. Kc5 Qc3+ 62. Kb5 Qc2 63. Kb4 Kd5 64. Kb5 Qb2+ 65. Ka4 Kc4 0-1


[Site "https://www.chess.com"]

[Event "Titled Tuesday Blitz April 25 Early 2023"]
[White "Sarkar, Justin"]
[Black "Castillo Pena, Patricia Evarista"]
[WhiteFideId "2010011"]
[BlackFideId "6412106"]
[WhiteElo "2189"]
[BlackElo "1919"]
[Result "1-0"]
[Round "04"]
[TimeControl "180+2"]
[Date "2023.04.25"]
[WhiteClock "0:00:47"]
[BlackClock "0:01:25"]

1. e4 c5 2. Nf3 d6 3. d4 cxd4 4. Nxd4 Nf6 5. Nc3 a6 6. Be3 e5 7. Nb3 Be6 8. f3 Be7 9. Qd2 Nbd7 10. g4 b5 11. a4 b4 12. Nd5 Bxd5 13. exd5 Nb6 14. Bxb6 Qxb6 15. a5 Qb7 16. Bc4 Rc8 17. Qd3 O-O 18. Bxa6 Qxd5 19. Qxd5 Nxd5 20. Bxc8 Rxc8 21. a6 Ne3 22. Ke2 Bg5 23. a7 Ra8 24. h4 Bf4 25. Ra6 Nxc2 26. Rb6 1-0


[Site "https://www.chess.com"]

[Event "Titled Tuesday Blitz April 25 Early 2023"]
[White "Lohani, Sujana"]
[Black "Nery Junior, Jose Antonio"]
[WhiteFideId "12311987"]
[BlackFideId "2104822"]
[WhiteElo "1718"]
[BlackElo "2197"]
[Result "0-1"]
[Round "04"]
[TimeControl "180+2"]
[Date "2023.04.25"]
[WhiteClock "0:00:18"]
[BlackClock "0:01:54"]

1. d4 d5 2. Nf3 Nf6 3. c4 c6 4. e3 e6 5. Nc3 Nbd7 6. Qb3 Bd6 7. Be2 Qe7 8. O-O dxc4 9. Bxc4 e5 10. d5 e4 11. dxc6 bxc6 12. Nd4 Bxh2+ 13. Kh1 O-O 14. Nf5 Qe5 15. Nd4 Qh5 16. Nxc6 Bg3+ 17. Kg1 Qh2# 0-1


[Site "https://www.chess.com"]

[Event "Titled Tuesday Blitz April 25 Early 2023"]
[White "Sanchez, Robert"]
[Black "Barwinska, Ewa"]
[WhiteFideId "2034360"]
[BlackFideId "21833761"]
[WhiteElo "1945"]
[BlackElo "1908"]
[Result "0-1"]
[Round "04"]
[TimeControl "180+2"]
[Date "2023.04.25"]
[WhiteClock "0:01:17"]
[BlackClock "0:00:33"]

1. e4 c5 2. Nf3 d6 3. d4 cxd4 4. Nxd4 Nf6 5. Nc3 a6 6. Be3 e5 7. Nb3 Be6 8. f3 Be7 9. Qd2 Nbd7 10. O-O-O O-O 11. g4 b5 12. g5 b4 13. Ne2 Ne8 14. f4 a5 15. Kb1 Bxb3 16. cxb3 a4 17. Qxb4 d5 18. Qb7 d4 19. Bf2 Nd6 20. Qc6 axb3 21. a3 Rc8 22. Qd5 Rc5 23. Qxb3 Nxe4 24. Bg3 Qa5 25. Be1 Qa8 26. Rg1 Rb8 27. Qd3 Rcb5 28. b4 Ndc5 29. Qh3 d3 30. Rxd3 Nxd3 31. Qxd3 Bxb4 32. Bxb4 Rxb4+ 33. axb4 Rxb4+ 34. Kc2 Qa2+ 35. Kd1 Nf2+ 0-1


[Site "https://www.chess.com"]

[Event "Titled Tuesday Blitz April 25 Early 2023"]
[White "Vargas, Mauricio"]
[Black "Fierz, Martin"]
[WhiteFideId "4404572"]
[BlackFideId "1302132"]
[WhiteElo "1998"]
[BlackElo "2257"]
[Result "0-1"]
[Round "04"]
[TimeControl "180+2"]
[Date "2023.04.25"]
[WhiteClock "0:00:01"]
[BlackClock "0:00:03"]

1. e4 c5 2. f4 d5 3. e5 Nc6 4. Nf3 Bf5 5. Bb5 Rc8 6. Bxc6+ Rxc6 7. d3 h5 8. Ng5 e6 9. h3 Be7 10. O-O Bxg5 11. fxg5 Ne7 12. Nc3 Ng6 13. Qe1 a6 14. Bd2 Qc7 15. Bf4 b5 16. Bh2 b4 17. Nd1 Ne7 18. Ne3 a5 19. Rc1 Bg6 20. Qf2 a4 21. c4 d4 22. Nd1 b3 23. axb3 axb3 24. Ra1 O-O 25. Qf3 Qb7 26. Nf2 Nf5 27. Ne4 Ne3 28. Rf2 Ra8 29. Rb1 Qb6 30. Nd6 Ra7 31. Bf4 Nf5 32. Ne4 Ra2 33. Nf6+ gxf6 34. gxf6 Rc8 35. Bh6 Rca8 36. Qf4 Ra1 37. Rff1 Rxb1 38. Rxb1 Qb4 39. g4 hxg4 40. hxg4 Nh4 41. Qg5 Nf3+ 42. Kg2 Nxg5 43. Bxg5 Ra2 44. Kg3 Qa4 0-1


[Site "https://www.chess.com"]

[Event "Titled Tuesday Blitz April 25 Early 2023"]
[White "Gupta, Abhijeet"]
[Black "Nakamura, Hikaru"]
[WhiteFideId "5010608"]
[BlackFideId "2016192"]
[WhiteElo "2528"]
[BlackElo "2885"]
[Result "1-0"]
[Round "05"]
[TimeControl "180+2"]
[Date "2023.04.25"]
[WhiteClock "0:00:09"]
[BlackClock "0:00:29"]

1. d4 Nf6 2. Nf3 c5 3. d5 d6 4. c4 g6 5. Nc3 e6 6. h3 exd5 7. cxd5 Bg7 8. e4 O-O 9. Bd3 a6 10. a4 Nbd7 11. O-O Re8 12. Re1 Nh5 13. a5 Ne5 14. Be2 Nd7 15. Bg5 Bf6 16. Bh6 b5 17. axb6 Qxb6 18. Qd2 Rb8 19. Ra2 Bg7 20. Bxg7 Kxg7 21. Bf1 Nhf6 22. Qc2 a5 23. Nd2 Ba6 24. Bxa6 Qxa6 25. Rea1 Ne5 26. Rxa5 Qd3 27. Qxd3 Nxd3 28. b3 c4 29. bxc4 h5 30. Nb5 Nxe4 31. Nxe4 Rxe4 32. Nxd6 Rf4 33. f3 h4 34. Ne4 f5 35. Nd6 Rd4 36. Ra7+ Kf6 37. Rd1 Rb2 38. f4 Nxf4 39. Rxd4 Ne2+ 40. Kf1 Nxd4 41. c5 Ke5 42. Nc4+ Kxd5 43. Nxb2 1-0


[Site "https://www.chess.com"]